 Dungeon Crawl Stone Soup version 0.29-a0-375-g5102b3be25 (webtiles) character file.

Game seed: 9342268103835849651

314 zeratav the Slicer (level 6, -2/40 HPs)
             Began as a Kobold Monk on May 3, 2022.
             Slain by a gnoll
             ... wielding a +0 vampiric spear
              (4 damage)
             ... on level 4 of the Dungeon.
             The game lasted 00:08:46 (3848 turns).

zeratav the Slicer (Kobold Monk)                    Turns: 3848, Time: 00:08:46

Health: -2/40      AC:  5    Str:  9    XL:     6   Next: 72%
Magic:  0/6        EV: 15    Int: 11    God:
Gold:   125        SH:  0    Dex: 19    Spells: 5/5 levels left

rFire   . . .      SeeInvis .   l - +2 dagger (vamp) {short}
rCold   . . .      Faith    .   (no shield)
rNeg    . . .      Spirit   +   w - +0 leather armour
rPois   .          Reflect  .   (no helmet)
rElec   .          Harm     .   (no cloak)
rCorr   .          Rampage  .   f - +1 pair of gloves
Will    .....                   (no boots)
Stlth   +++.......              k - amulet of guardian spirit
HPRegen 0.13/turn               o - ring of flight
MPRegen 0.10/turn               (no ring)

@: flying
A: small, no large weapons, nightstalker 3
a: no special abilities


You were on level 4 of the Dungeon.
You visited 1 branch of the dungeon, and saw 4 of its levels.

You collected 125 gold pieces.


Innate Abilities, Weirdness & Mutations

You are small and have problems with some larger weapons.
You are completely attuned to the shadows.


   Skills:
 + Level 5.1 Fighting
 - Level 8.0 Short Blades
 - Level 3.6 Dodging
 - Level 2.6 Stealth


You had 5 spell levels left.
You didn't know any spells.
Your spell library contained the following spells:

 Spells                   Type           Power      Damage    Failure   Level
 Iskenderun's Battlesphe  Conj           0%         2d6       100%        5
 Iron Shot                Conj/Erth      0%         9d1       100%        6
 Spellforged Servitor     Conj/Summ      0%         N/A       100%        7

Inventory:

Hand Weapons
 l - a +2 vampiric dagger (weapon) {short}
   (You took it off a kobold on level 1 of the Dungeon)
Armour
 f - a +1 pair of gloves (worn)
   (You found it on level 4 of the Dungeon)
 i - a +0 ring mail
   (You found it on level 4 of the Dungeon)
 p - a +0 leather armour
   (You took it off an orc on level 4 of the Dungeon)
 w - a +0 leather armour (worn)
   (You found it on level 3 of the Dungeon)
Jewellery
 k - an amulet of guardian spirit (around neck)
   (You found it on level 1 of the Dungeon)
 o - a ring of flight (left hand)
   (You found it on level 2 of the Dungeon)
Scrolls
 a - a scroll of amnesia {unknown}
 d - a scroll of immolation {unknown}
 e - 5 scrolls of identify {unknown}
 h - a scroll of teleportation {unknown}
 m - a scroll of poison {unknown}
 s - 2 scrolls of magic mapping {unknown}
 u - 2 scrolls of fear {unknown}
Potions
 b - a potion of degeneration {unknown}
 c - a potion of ambrosia
 g - a potion of brilliance {unknown}
 j - 2 potions of lignification {unknown}
 n - a potion of heal wounds {unknown}
 r - a potion of curing {unknown}

Dungeon Overview and Level Annotations

Branches:
Dungeon (4/15)
 Temple: D:4-7

Altars:

##### ##..#####....
..................)
≈≈≈≈≈≈≈≈≈≈≈≈≈≈....≈
≈≈≈≈≈≈≈≈≈≈≈≈≈≈≈≈....≈
#####≈≈≈≈≈≈≈≈≈≈≈≈....≈
#...#.................
#...#############''''#
#'#@..........#....#
#gg.........)))....+
#o#.........).#....#
#.##################
#.. #.


You could see 2 gnolls and an orc.


Message History

You take 1 damage, and now have 26/40 hp.
You lost 1 mp, and now have 2/6 mp.
You hit the gnoll. You hit the gnoll.
You feel better. The gnoll hits you with a +0 halberd.
HP[-3]
You take 3 damage, and now have 23/40 hp.
You closely miss the gnoll. You barely miss the gnoll.
The gnoll hits you but does no damage.
You hit the gnoll.
You feel better. The gnoll closely misses you.
HP[+1] MP[+1]
You hit the gnoll.
You feel better.
HP[+1]
You hit the gnoll but do no damage. The gnoll hits you but does no damage.
You hit the gnoll. You punch the gnoll.
HP[+1]
You hit the gnoll.
You feel better.
You kill the gnoll!
Your Fighting skill increases to level 5!
HP[+2]
You regained 2 hp, and now have 28/40 hp.
p - a +0 leather armour
There is an open door, spattered with blood here.
Things that are here:
a +0 short sword {short}; a +0 whip {mace}; an orc corpse You start resting.
HP[+3] MP[+3]
You regained 3 hp, and now have 31/40 hp.
Your mp is fully restored (6).
You start resting.
HP[+9]
Your hp is fully restored (40).
You see here a +0 dagger {short}.
Things that are here:
a +0 halberd {polearm}; a gnoll corpse As you open the door, it creaks loudly!
You hear a shout! x5
A gnoll opens the door. 2 gnolls come into view.
A gnoll is wielding a +0 vampiric spear.
There is an open door here.
You hit the gnoll. The gnoll barely misses you.
The gnoll hits you with a +0 flail.
The gnoll hits you with a +0 vampiric spear.
The gnoll closely misses you.
There is an open door here.
HP[-7] MP[-2]
You take 7 damage, and now have 33/40 hp.
You lost 2 mp, and now have 4/6 mp.
The gnoll attacks as you move away! The gnoll closely misses you.
The gnoll hits you but does no damage. The gnoll barely misses you.
There is an open door here.
HP[+1]
The gnoll attacks as you move away! The gnoll hits you with a +0 flail!
HP[-7] MP[-1]
You take 7 damage, and now have 27/40 hp.
You lost 1 mp, and now have 3/6 mp.
You hit the gnoll but do no damage. You hit the gnoll.
You feel better. The gnoll barely misses you.
HP[+2]
You regained 2 hp, and now have 29/40 hp.
The gnoll completely misses you. The gnoll barely misses you.
The gnoll completely misses you.
There is an open door, spattered with blood here.
You hit the gnoll. You hit the gnoll but do no damage.
The gnoll hits you but does no damage. The gnoll hits you with a +0 flail!
An orc comes into view. It is wielding a +0 trident.
The gnoll closely misses you.
HP[-7]
You take 7 damage, and now have 22/40 hp.
You hit the gnoll.
You feel better.
You kill the gnoll!
The gnoll hits you but does no damage.
The gnoll hits you with a +0 vampiric spear.
MP[-1]
You lost 1 mp, and now have 2/6 mp.
The gnoll attacks as you move away! The gnoll barely misses you.
You see here a +0 flail {mace}.
You hit the gnoll but do no damage. You hit the gnoll.
The gnoll barely misses you.
The gnoll hits you from afar with a +0 vampiric spear!
* * * LOW HITPOINT WARNING * * *
HP[-7] MP[-1]
You take 7 damage, and now have 15/40 hp.
You lost 1 mp, and now have 1/6 mp.
You hit the gnoll. You completely miss the gnoll.
The gnoll hits you with a +0 club.
* * * LOW HITPOINT WARNING * * *
The orc hits you from afar with a +0 trident!
* * * LOW HITPOINT WARNING * * *
The gnoll misses you.
HP[-10] MP[-1]
You take 10 damage, and now have 5/40 hp.
MASSIVE DAMAGE!! (PAUSE)
You lost 1 mp, and now have 0/6 mp.
You barely miss the gnoll.
The orc hits you from afar with a +0 trident.
* * * LOW HITPOINT WARNING * * *
The gnoll barely misses you.
The gnoll hits you from afar with a +0 vampiric spear.
You die...

Skill      XL: |  1  2  3  4  5  6 |
---------------+-------------------+-----
Short Blades   | 5 6 7 8 |  8.0
Fighting       | 4 5 |  5.1
Dodging        | |  3.6
Stealth        | |  2.6

Action                   |  1- 3 |  4- 6 || total
-------------------------+-------+-------++-------
Melee: Short sword       |    40 |       ||    40
       Dagger            |    29 |   190 ||   219
       Punch             |     1 |     2 ||     3
 Stab: Sleeping          |    19 |     9 ||    28
       Distracted        |       |     2 ||     2
Armor: Robe              |     6 |     8 ||    14
       Leather armour    |       |    25 ||    25
Dodge: Dodged            |    27 |   129 ||   156

Levels and vault maps discovered:
D:1:      co_arrival_hall_of_pillars, layout_basic,
          chequers_ecumenical_altar_grove
D:2:      layout_rooms
D:3:      layout_rooms, nrook_mini_backslash, grunt_ministairs_15,
          grunt_decor_arrowhead
D:4:      lemuel_castle_with_subvaults [lemuel_castle_interior_carwin_1],
          layout_cave_pods, gammafunk_temple_overflow_elements,
          minmay_temple_entry_enclosed_plants, chequers_serial_rivers_micro_a,
          small_statue_intersection, uniq_edmund, uniq_natasha

Notes
Turn   | Place    | Note
-------+----------+-------------------------------------------
     0 | D:1      | zeratav the Kobold Monk began the quest for the Orb.
     0 | D:1      | Reached XP level 1. HP: 14/14 MP: 1/1
     0 | D:1      | magus.rc [v1.9.6]
    72 | D:1      | Reached XP level 2. HP: 18/19 MP: 2/2
   223 | D:1      | Reached skill level 5 in Short Blades
   384 | D:1      | Reached XP level 3. HP: 23/23 MP: 3/3
   387 | D:1      | Found a faded altar of an unknown god.
   489 | D:1      | You pick up a book of Power and begin reading...
   489 | D:1      | You add the spells Iskenderun's Battlesphere, Iron Shot and
                  | Spellforged Servitor to your library.
   942 | D:2      | Reached skill level 6 in Short Blades
  1175 | D:2      | Reached XP level 4. HP: 28/28 MP: 4/4
  1564 | D:3      | HP: 6/28 [orc/+0 trident (8)]
  2518 | D:3      | HP: 6/28 [orc wizard/+0 dagger (2)]
  2522 | D:3      | Reached skill level 7 in Short Blades
  2522 | D:3      | Reached XP level 5. HP: 8/32 MP: 5/5
  2525 | D:3      | HP: 4/32 [orc/+0 club (1)]
  2525 | D:3      | HP: 1/32 [orc/+0 mace (3)]
  2809 | D:3      | HP: 8/32 [orc wizard/puff of flame (14)]
  2811 | D:3      | HP: 2/32 [orc wizard/puff of flame (6)]
  3119 | D:3      | HP: 8/32 [poisoned by an orc priest]
  3401 | D:4      | Noticed a centaur
  3405 | D:4      | Killed a centaur
  3406 | D:4      | Reached skill level 8 in Short Blades
  3406 | D:4      | Reached skill level 4 in Fighting
  3406 | D:4      | Reached XP level 6. HP: 39/39 MP: 6/6
  3728 | D:4      | Reached skill level 5 in Fighting
  3847 | D:4      | HP: 5/40 [orc/+0 trident (6)]
  3848 | D:4      | HP: 2/40 [orc/+0 trident (3)]
  3848 | D:4      | Slain by a gnoll

Vanquished Creatures
  A centaur (D:4)
  An orc priest (D:3)
  2 orc wizards (D:3)
  5 gnolls (D:4)
  2 adders
  An ufetubus (D:4)
  2 dart slugs
  8 orcs
  7 endoplasms
  3 giant cockroaches
  6 goblins
  7 hobgoblins
  5 jackals
  2 quokkas
  5 ball pythons
  5 bats
  7 kobolds
  3 rats
72 creatures vanquished.

Table legend:
 A = Non-vault XP
 B = Vault XP
 C = Vault XP percentage of total XP
 D = Non-vault monster count
 E = Vault monster count
 F = Vault count percentage of total count
                 A         B        C        D         E       F
            +---------+---------+-------+---------+---------+-------
      Total |     363 |      86 |  19.2 |      60 |      12 |  16.7
            +---------+---------+-------+---------+---------+-------
        D:1 |      44 |       0 |   0.0 |      24 |       0 |   0.0
        D:2 |      33 |       0 |   0.0 |      11 |       0 |   0.0
        D:3 |     160 |       3 |   1.8 |      21 |       2 |   8.7
        D:4 |     126 |      83 |  39.7 |       4 |      10 |  71.4
            +---------+---------+-------+---------+---------+-------

Illustrated notes

Table legend:
 A = Kills in this place as a percentage of kills in entire the game.
 B = Kills by you in this place as a percentage of kills by you in the entire game.
 C = Kills by friends in this place as a percentage of kills by friends in the entire game.
 D = Other kills in this place as a percentage of other kills in the entire game.
 E = Experience gained in this place as a percentage of experience gained in the entire game.
 F = Experience gained in this place divided by the number of levels of this place that you have seen.
                   A       B       C       D       E      F
               +-------+-------+-------+-------+-------+----------------------
         Total | 100.0 | 100.0 |   N/A |   N/A | 100.0 | 112.2
       Dungeon | 100.0 | 100.0 |   N/A |   N/A | 100.0 | 112.2
               +-------+-------+-------+-------+-------+----------------------

Table legend: (Time is in decaauts)
 A = Elapsed time spent in this place.
 B = Non-inter-level travel time spent in this place.
 C = Inter-level travel time spent in this place.
 D = Time resting spent in this place.
 E = Time spent auto-exploring this place.
 F = Levels seen in this place.
 G = Mean time per level.
                   A        B        C        D        E       F      G
               +--------+--------+--------+--------+--------+-----+--------+
         Total |   3769 |   3658 |    111 |   1439 |   1607 |   4 |  942.2 |
       Dungeon |   3769 |   3658 |    111 |   1439 |   1607 |   4 |  942.2 |
               +--------+--------+--------+--------+--------+-----+--------+

Top non-repeatable levels by time:
     D:3: 1843 daAuts
     D:1: 801 daAuts
     D:2: 674 daAuts
     D:4: 449 daAuts
